 Dungeon Crawl Stone Soup version 0.21-a0-352-g5b8f553 (webtiles) character file.

82 nikopol the Skirmisher (level 4, -9/40 HPs)
             Began as a Hill Orc Fighter on Oct 11, 2017.
             Mangled by Crazy Yiuf
             ... wielding a +4 quarterstaff of chaos
              (10 damage)
             ... on level 2 of the Dungeon.
             The game lasted 00:02:25 (1255 turns).

nikopol the Skirmisher (Hill Orc Fighter)           Turns: 1255, Time: 00:02:26

Health: -9/40      AC: 10    Str: 19    XL:     4   Next: 43%
Magic:  4/4        EV:  7    Int:  8    God:
Gold:   51         SH:  9    Dex: 10    Spells: 3/3 levels left

rFire    . . .     SeeInvis .   a - +0 war axe
rCold    . . .     Gourm    .   c - +0 shield
rNeg     . . .     Faith    .   b - +0 scale mail
rPois    .         Spirit   .   h - +0 helmet
rElec    .         Reflect  .   (no cloak)
rCorr    .         Harm     .   (no gloves)
MR       .....                  l - +1 pair of boots
Stlth    ..........             (no amulet)
HPRegen  0.13/turn              (no ring)
MPRegen  0.09/turn              (no ring)

@: lethally poisoned (-9 -> -15)
A: no striking features
a: no special abilities


You were on level 2 of the Dungeon.
You were not hungry.

You visited 1 branch of the dungeon, and saw 2 of its levels.

You collected 51 gold pieces.

Inventory:

Hand Weapons
 a - a +0 war axe (weapon)
Armour
 b - a +0 scale mail (worn)
 c - a +0 shield (worn)
 h - a +0 helmet (worn)
 l - a +1 pair of boots (worn)
Scrolls
 e - 2 scrolls of teleportation {unknown}
 g - a scroll of amnesia {unknown}
 k - a scroll of identify {unknown}
 o - a scroll of enchant weapon {unknown}
Potions
 d - a potion of might
 j - a potion of mutation {unknown}
 m - a potion of curing {unknown}
 n - a potion of heal wounds {unknown}
 p - a potion of flight {unknown}
Comestibles
 f - 2 bread rations
 i - 3 fruits


   Skills:
 + Level 4.2 Fighting
 + Level 4.1 Axes
 + Level 4.0 Armour
 + Level 0.3 Stealth
 + Level 3.7 Shields


You had 3 spell levels left.
You didn't know any spells.

Dungeon Overview and Level Annotations

Branches:
Dungeon (2/15)

Altars:

Annotations:
D:2 Crazy Yiuf


Message History

Crazy Yiuf shouts!
Found a mace.
Crazy Yiuf drinks a potion.
Crazy Yiuf goes berserk!
There is an open door here.
Crazy Yiuf hits you but does no damage.
You barely miss Crazy Yiuf.
Crazy Yiuf hits you with a quarterstaff of chaos!
You are electrocuted!
Crazy Yiuf hits you with a quarterstaff of chaos.
* * * LOW HITPOINT WARNING * * *
You are poisoned.
You barely miss Crazy Yiuf.
You feel sick. You block Crazy Yiuf's attack. x2
You slash Crazy Yiuf!
Crazy Yiuf is moderately wounded.
Crazy Yiuf hits you with a quarterstaff of chaos!
* * * LOW HITPOINT WARNING * * *
Crazy Yiuf freezes you.
* * * LOW HITPOINT WARNING * * *
Crazy Yiuf hits you with a quarterstaff of chaos!
You die...

#.......#........#
#..........
#.......#####....#
#........##
#.......# #....#
#........##
#.....### ######
#..........
###.###
#..........
#..###♣♣♣♣♣
#..........
##.#....♣.♣♣♣#####
########...
#.......♣..♣#...#
#...
#......♣♣♣♣.'@g.#
#... ##....♣♣
♣♣#..)# #...
####♣♣ ##### #...
#... #... ####


You could see Crazy Yiuf (berserk).

Vanquished Creatures
  A hound skeleton (D:2)
  An adder (D:2)
  2 worms (D:2)
  2 dart slugs
  A ball python (D:1)
  8 bats
  2 giant cockroaches (D:2)
  6 goblins
  8 hobgoblins
  2 jackals (D:1)
  6 frilled lizards
  6 kobolds
  4 rats
49 creatures vanquished.

Notes
Turn   | Place    | Note
-------+----------+-------------------------------------------
     0 | D:1      | nikopol the Hill Orc Fighter began the quest for the Orb.
     0 | D:1      | Reached XP level 1. HP: 19/19 MP: 1/1
   158 | D:1      | Reached XP level 2. HP: 24/27 MP: 2/2
   517 | D:1      | Reached XP level 3. HP: 33/33 MP: 3/3
   783 | D:2      | Reached XP level 4. HP: 36/40 MP: 4/4
   855 | D:2      | Found a faded altar of an unknown god.
  1246 | D:2      | Found a runed door.
  1250 | D:2      | Noticed Crazy Yiuf
  1255 | D:2      | HP: 1/40 [Crazy Yiuf/quarterstaff of chaos (2)]
  1255 | D:2      | Mangled by Crazy Yiuf

Vault maps used:
D:1:      minmay_arrival_nine_rooms
D:2:      chequers_ecumenical_altar_island, uniq_crazy_yiuf_cottage

Skill      XL: |  1  2  3  4 |
---------------+-------------+-----
Fighting       | 4 |  4.2
Axes           | 3 4 |  4.1
Armour         | 4 |  4.0
Stealth        | |  0.3
Shields        | |  3.7

Action                   |  1- 3 |  4- 6 || total
-------------------------+-------+-------++-------
Melee: War axe           |    92 |    40 ||   132
  Eat: Chunk             |       |     1 ||     1
Armor: Scale mail        |    63 |    26 ||    89
Dodge: Dodged            |    36 |    10 ||    46
Block: Shield            |    36 |    17 ||    53

Table legend:
 A = Spawn XP
 B = Non-spawn XP
 C = Spawn XP percentage of total XP
 D = Spawn monster count
 E = Non-spawn monster count
 F = Spawn count percentage of total count
 G = Total turns spent on level
                    A         B        C        D         E        F      G
               +---------+---------+-------+---------+---------+-------+---------
         Total |       0 |     118 |   0.0 |       0 |      49 |   0.0 |  1255
               +---------+---------+-------+---------+---------+-------+---------
           D:1 |       0 |      41 |   0.0 |       0 |      24 |   0.0 |   682
           D:2 |       0 |      77 |   0.0 |       0 |      25 |   0.0 |   573
               +---------+---------+-------+---------+---------+-------+---------
